 Dungeon Crawl Stone Soup version 0.31-a0-569-g7ea453304b (webtiles) character file.

Game seed: 13987063285266744486

3 GordonOverkill the Sneak (level 1, -2/11 HPs)
             Began as a Vine Stalker Delver on Aug 18, 2023.
             Slain by a scorpion (4 damage)
             ... on level 4 of the Dungeon.
             The game lasted 00:01:38 (134 turns).

GordonOverkill the Sneak (Vine Stalker Delver)       Turns: 134, Time: 00:01:39

Health: -2/11      AC:  3    Str: 14    XL:     1   Next: 50%
Magic:  0/2        EV: 11    Int: 10    God:
Gold:   0          SH:  0    Dex: 15    Spells: 0/0 levels left

rFire   . . .        a - +0 short sword
rCold   . . .        (no shield)
rNeg    . . .        b - +0 leather armour
rPois   .            (no helmet)
rElec   .            (no cloak)
rCorr   .            (no gloves)
SInv    .            (no boots)
Will    .....        (no amulet)
Stlth   +++          (no ring)
HPRegen 0.21/turn    (no ring)
MPRegen 0.08/turn

%: guardian spirit
@: lethally poisoned (-2 -> -9)
A: fangs 2, magic shield, antimagic bite, no potion heal 2
a: no special abilities


You were on level 4 of the Dungeon.
You visited 1 branch of the dungeon, and saw 4 of its levels.

Inventory:

Hand Weapons
 a - a +0 short sword (weapon)
Armour
 b - a +0 leather armour (worn)
Wands
 g - a wand of digging (2)
Scrolls
 c - a scroll of fog
 e - a scroll of fear
Potions
 f - a potion of haste
 h - a potion of mutation {unknown}


   Skills:
 - Level 2.6 Fighting
 - Level 1.7 Short Blades
 - Level 1.5 Dodging
 - Level 6.0 Stealth
 + Level 0.3 Spellcasting
 + Level 0.3 Conjurations
 + Level 0.3 Translocations


You couldn't memorise any spells.
You didn't know any spells.
Your spell library contained the following spells:

 Spells                   Type           Power      Damage    Failure   Level
 Portal Projectile        Hex/Tloc       0%         N/A       80%         3
 Tukima's Dance           Hex            0%         N/A       80%         3
 Iskenderun's Mystic Bla  Conj/Tloc      0%         2d3       99%         4


Dungeon Overview and Level Annotations

Branches:
Dungeon (7/15)
 Temple: D:4-7

Altars:

Annotations:
D:5 Blork the orc


Innate Abilities, Weirdness & Mutations

You have extremely sharp teeth.
When hurt, damage is shared between your health and your magic reserves.
Your bite disrupts and absorbs the magic of your enemies.
Potions cannot restore your health.


Message History

Things that are here:
a +0 club; a goblin corpse A hobgoblin comes into view.
Things that are here:
a +0 club; a +0 sling; a goblin corpse The hobgoblin shouts!
There is a stone staircase leading down here.
Throw: throwing net
Press: ? - help, Q - select action Shift-Dir - straight line, f - scorpion
Aim: a scorpion (56% to hit)
You throw a throwing net.
The throwing net barely misses the scorpion.
The scorpion barely misses you.
You closely miss the scorpion. Your bite misses the scorpion.
The scorpion closely misses you.
You hit the scorpion but do no damage.
You punch the scorpion, but do no damage.
The scorpion misses you.
You hit the scorpion but do no damage. The scorpion closely misses you.
You hit the scorpion.
You punch the scorpion, but do no damage.
Your bite misses the scorpion.
The scorpion is lightly wounded.
The scorpion stings you.
You are lethally poisoned!
The scorpion poisons you!
You hit the scorpion but do no damage.
You bite the scorpion, but do no damage.
The scorpion is lightly wounded.
* * * LOW HITPOINT WARNING * * *
You feel very sick. The scorpion stings you.
* * * LOW HITPOINT WARNING * * *
You hit the scorpion.
You bite the scorpion, but do no damage.
The scorpion is lightly wounded.
* * * LOW HITPOINT WARNING * * *
You feel very sick. The scorpion stings you.
You die...

#.# #. #.# #.
#.# .. #.# #
.### #.# #.
..# #.# #. #.#
#.# #.##†###@#
##......#s#
.###...#.#.#g#
............(#
####...#.#.###
##......#
####g#.# #.#.#
#.#.#


You could see a scorpion and a hobgoblin.

Vanquished Creatures
  A hobgoblin (D:4)
  2 goblins (D:4)
3 creatures vanquished.

Notes
Turn   | Place    | Note
-------+----------+-------------------------------------------
     0 | D:5      | GordonOverkill the Vine Stalker Delver began the quest for
                  | the Orb.
     0 | D:5      | Reached XP level 1. HP: 11/11 MP: 2/2
     3 | D:5      | Noticed a jelly
    37 | D:7      | Noticed a wight
    37 | D:7      | Noticed a wight
    49 | D:5      | Noticed Blork the orc
    49 | D:5      | Noticed a black bear
    49 | D:5      | Noticed a phantom
    85 | D:4      | Noticed a scorpion
   104 | D:4      | Noticed an iguana
   134 | D:4      | Slain by a scorpion

Illustrated notes

Levels and vault maps discovered:
D:4:      layout_loops_ring, ebering_ghost_rock_garden, uniq_natasha
D:5:      layout_rooms, serial_shops, nicolae_shop_statue_plus,
          minmay_fractal_squares_diagonal_5, uniq_blork_the_orc
D:6:      layout_loops_cross, nicolae_elyvilon_peaceful_grove,
          minmay_temple_entry_fiery, uniq_pikel, uniq_menkaure
D:7:      layout_rooms, enter_bailey_6, serial_curves, eino_curves_04,
          eino_curves_02

Action                     || total
---------------------------++-------
  Melee: Short sword       ||    10
         Bite              ||     3
         Punch             ||     2
  Throw: Throwing net      ||     1
  Evoke: Wand              ||     1
    Use: Scroll            ||     1
   Stab: Sleeping          ||     1
 Armour: Leather armour    ||     1
  Dodge: Dodged            ||     7

Table legend: (Time is in decaauts)
 A = Elapsed time spent in this place.
 B = Non-inter-level travel time spent in this place.
 C = Inter-level travel time spent in this place.
 D = Time resting spent in this place.
 E = Time spent auto-exploring this place.
 F = Levels seen in this place.
 G = Mean time per level.
                   A        B        C        D        E       F      G
               +--------+--------+--------+--------+--------+-----+--------+
         Total |    133 |    133 |      0 |      3 |      0 |   4 |   33.2 |
       Dungeon |    133 |    133 |      0 |      3 |      0 |   4 |   33.2 |
               +--------+--------+--------+--------+--------+-----+--------+

Top non-repeatable levels by time:
     D:4: 63 daAuts
     D:5: 44 daAuts
     D:6: 23 daAuts
     D:7: 1 daAuts
